 Dungeon Crawl Stone Soup version 0.31.0-11-ge490571c62 (webtiles) character file.

Game seed: 662474060992184388

658520 Bnni the Hoplite (level 27, -21/201 (207) HPs)
             Began as a Formicid Fighter on Feb 8, 2024.
             Was a High Priest of Hepliaklqana.
             Killed from afar by a Hell Sentinel (34 damage)
             ... with damnation
             ... on level 2 of the Iron City of Dis on Feb 9, 2024.
             The game lasted 04:03:29 (55988 turns).

Bnni the Hoplite (Formicid Fighter)                Turns: 55988, Time: 04:03:30

HP:   -21/201 (207) AC: 38    Str: 31 (33) XL:     27
MP:   33/33         EV: 21    Int: 16      God:    Hepliaklqana [*****.]
Gold: 1919          SH: 31    Dex: 20      Spells: 10/26 levels left

rFire   + + .        w - +8 pair of quick blades "Gyre" and "Gimble" {protect}
rCold   + + +        h - +2 tower shield
rNeg    + + .        B - +9 pearl dragon scales
rPois   .            (helmet unavailable)
rElec   +            p - +4 cloak of Charity {rC+ Str+5}
rCorr   +            N - +1 pair of gloves
SInv    +            x - +2 pair of boots
Will    ++...        g - amulet "Giffokhli" {Reflect ^Drain Regen+ Str+2 Dex+3 SH+5}
Stlth   ++++++       R - ring of the Townfolk {^Contam rF+ rC++ Int+5}
HPRegen 1.33/turn    o - ring "Wimaemos" {rN+ rCorr}
MPRegen 0.23/turn

%: reflection
@: under a protective aura, studying 3 skills, lightly drained, invisible,
corroded
A: reduced essence, permanent stasis, dig shafts and tunnels, antennae 3, four
strong arms, clumsy 1, fire resistance 1, electricity resistance, inability to
drink after injury 1
}: 5/15 runes: serpentine, barnacled, slimy, silver, abyssal
a: Dig, Shaft Self, Renounce Religion, Recall Ancestor, Ancestor Identity,
Transference, Idealise


You were on level 2 of the Iron City of Dis.
You worshipped Hepliaklqana.
Hepliaklqana was extremely pleased with you.
You visited 12 branches of the dungeon, and saw 53 of its levels.
You visited the Abyss 1 time.
You visited 1 bazaar.
You also visited: Sewer, Ossuary, Wizlab and Desolation.

You collected 10424 gold pieces.
You spent 8505 gold pieces at shops.

Inventory:

Hand Weapons
 e - a +9 lajatang of speed
 q - the +7 lajatang of Order {silver, rMut}
   (You bought it in a shop in a bazaar)

   rMut:      It protects you from mutation.
 w - the +8 pair of quick blades "Gyre" and "Gimble" (weapon) {protect}
   (You found it on level 7 of the Dungeon)
Missiles
 b - 20 atropa-tipped darts
 c - 20 curare-tipped darts
 j - 8 silver javelins
 m - 4 throwing nets
 z - 37 boomerangs (quivered)
 T - 4 javelins
Armour
 h - a +2 tower shield (worn)
 p - the +4 cloak of Charity (worn) {rC+ Str+5}
   (You found it on level 2 of the Crypt)

   Str+5:     It affects your strength (+5).
   rC+:       It protects you from cold.
 x - a +2 pair of boots (worn)
 B - +9 pearl dragon scales (worn)
 N - a +1 pair of gloves (worn)
Jewellery
 g - the amulet "Giffokhli" (around neck) {Reflect ^Drain Regen+ Str+2 Dex+3 SH+5}
   (You acquired it on level 2 of the Vaults)

   [amulet of reflection]

   Reflect:   It reflects blocked missile attacks.
   Str+2:     It affects your strength (+2).
   Dex+3:     It affects your dexterity (+3).
   Regen+:    It increases your rate of health regeneration.
   ^Drain:    It drains your maximum health when unequipped.
   SH+5:      It affects your SH (+5).
 n - a ring of protection from fire
 o - the ring "Wimaemos" (right hand) {rN+ rCorr}
   (You took it off a frost giant on level 5 of the Vaults)

   [ring of resist corrosion]

   rN+:       It protects you from negative energy.
   rCorr:     It protects you from acid and corrosion.
 t - a ring of poison resistance
 R - the ring of the Townfolk (left hand) {^Contam rF+ rC++ Int+5}
   (You found it in the Desolation of Salt)

   [ring of protection from fire]

   Int+5:     It affects your intelligence (+5).
   rF+:       It protects you from fire.
   rC++:      It greatly protects you from cold.
   ^Contam:   It causes magical contamination when unequipped.
 S - the ring "Elimufali" {^Drain Fly Will+ Slay+4}
   (You bought it in a shop on level 3 of the Elven Halls)

   [ring of slaying]

   Slay+4:    It affects your accuracy & damage with ranged weapons and melee
   (+4).
   Will+:     It increases your willpower.
   Fly:       It grants you flight.
   ^Drain:    It drains your maximum health when unequipped.
 Z - the ring "Dilohu" {Wiz rN+ Int+3}
   (You found it in the Desolation of Salt)

   [ring of wizardry]

   Wiz:       It improves your spell success rate.
   Int+3:     It affects your intelligence (+3).
   rN+:       It protects you from negative energy.
Talismans
 D - a talisman of death
Wands
 y - a wand of quicksilver (38)
 F - a wand of digging (12)
 J - a wand of iceblast (84)
Scrolls
 a - 2 scrolls of summoning
 k - 7 scrolls of fear
 l - 4 scrolls of fog
 E - 8 scrolls of vulnerability
 H - 14 scrolls of revelation
 I - 4 scrolls of silence
 L - 11 scrolls of immolation
Potions
 d - 13 potions of might
 f - 38 potions of curing
 i - 2 potions of ambrosia
 r - 6 potions of magic
 s - 7 potions of heal wounds
 u - 11 potions of mutation
 A - 7 potions of attraction
 C - 3 potions of invisibility
 K - 5 potions of cancellation
 O - 4 potions of enlightenment
Miscellaneous
 M - a phantom mirror
 V - a phial of floods


   Skills:
 + Level 21.9 Fighting
 - Level 14.0 Short Blades
 - Level 14.0 Staves
 - Level 20.0 Throwing
 + Level 18.4 Armour
 + Level 15.7 Dodging
 - Level 20.0 Stealth
 - Level 23.1 Shields
 - Level 14.0 Invocations
 * Level 15.3 Shapeshifting


You had 10 spell levels left.
You knew the following spells:

 Your Spells              Type           Power      Damage    Failure   Level
a - Lesser Beckoning      Tloc           0%         N/A       63%         2
b - Confusing Touch       Hex            0%         N/A       85%         3
c - Dimensional Bullseye  Hex/Tloc       0%         N/A       99%         4
f - Dazzling Flash        Conj/Hex       0%         N/A       85%         3
w - Fugue of the Fallen   Necr           0%         N/A       85%         3
z - Apportation           Tloc           0%         N/A       47%         1

Your spell library contained the following spells:

 Spells                   Type           Power      Damage    Failure   Level
 Freeze                   Ice            0%         1d3       47%         1
 Kiss of Death            Conj/Necr      0%         2d5       47%         1
 Magic Dart               Conj           0%         1d3       47%         1
 Necrotise                Necr           0%         1d4       47%         1
 Shock                    Conj/Air       0%         1d3       47%         1
 Sting                    Conj/Alch      0%         1d3       47%         1
 Summon Small Mammal      Summ           0%         N/A       47%         1
 Call Imp                 Summ           0%         N/A       63%         2
 Cigotuvi's Dreadful Rot  Necr/Alch/Air  0%         N/A       63%         2
 Ensorcelled Hibernation  Hex/Ice        0%         N/A       63%         2
 Jinxbite                 Hex            0%         N/A       63%         2
 Momentum Strike          Conj/Tloc      0%         3d8       63%         2
 Static Discharge         Conj/Air       0%         3-3/arc   63%         2
 Sublimation of Blood     Necr           0%         N/A       63%         2
 Call Canine Familiar     Summ           0%         N/A       85%         3
 Frozen Ramparts          Ice            0%         1d1       85%         3
 Gell's Gravitas          Tloc           0%         N/A       85%         3
 Hailstorm                Conj/Ice       0%         3d5       85%         3
 Inner Flame              Hex/Fire       0%         N/A       85%         3
 Mephitic Cloud           Conj/Alch/Air  0%         N/A       85%         3
 Ozocubu's Armour         Ice            0%         N/A       85%         3
 Passwall                 Erth           0%         N/A       85%         3
 Sigil of Binding         Hex            0%         N/A       85%         3
 Summon Ice Beast         Ice/Summ       0%         N/A       85%         3
 Teleport Other           Tloc           0%         N/A       85%         3
 Tukima's Dance           Hex            0%         N/A       85%         3
 Vampiric Draining        Necr           0%         2d6       85%         3
 Volatile Blastmotes      Fire/Tloc      0%         2d10      85%         3
 Airstrike                Air            0%         2d(0-16)  99%         4
 Anguish                  Hex/Necr       0%         N/A       99%         4
 Animate Armour           Summ/Erth      0%         N/A       99%         4
 Animate Dead             Necr           0%         N/A       99%         4
 Brom's Barrelling Bould  Conj/Erth      0%         2d3       99%         4
 Cause Fear               Hex            0%         N/A       99%         4
 Dispel Undead            Necr           0%         3d6       99%         4
 Flame Wave               Conj/Fire      0%         2d4       99%         4
 Fulminant Prism          Conj/Alch      0%         3d5       99%         4
 Ignite Poison            Fire/Alch      0%         N/A       99%         4
 Leda's Liquefaction      Alch/Erth      0%         N/A       99%         4
 Manifold Assault         Tloc           0%         N/A       99%         4
 Martyr's Knell           Necr/Summ      0%         N/A       99%         4
 Olgreb's Toxic Radiance  Alch           0%         N/A       99%         4
 Passage of Golubria      Tloc           0%         N/A       99%         4
 Petrify                  Alch/Erth      0%         N/A       99%         4
 Sticky Flame             Fire/Alch      0%         2d4       99%         4
 Summon Blazeheart Golem  Fire/Summ      0%         N/A       99%         4
 Summon Lightning Spire   Summ/Air       0%         N/A       99%         4
 Borgnjor's Vile Clutch   Necr/Erth      0%         N/A       100%        5
 Curse of Agony           Necr           0%         N/A       100%        5
 Fireball                 Conj/Fire      0%         3d3       100%        5
 Freezing Cloud           Conj/Ice/Air   0%         6-21      100%        5
 Irradiate                Conj/Alch      0%         3d11      100%        5
 Iskenderun's Battlesphe  Conj           0%         2d6       100%        5
 Lee's Rapid Deconstruct  Erth           0%         3d4*      100%        5
 Metabolic Englaciation   Hex/Ice        0%         N/A       100%        5
 Silence                  Hex/Air        0%         N/A       100%        5
 Summon Forest            Summ/Tloc      0%         N/A       100%        5
 Summon Mana Viper        Hex/Summ       0%         N/A       100%        5
 Yara's Violent Unravell  Hex/Alch       0%         3d3       100%        5
 Conjure Ball Lightning   Conj/Air       0%         3x3d6     100%        6
 Death Channel            Necr           0%         N/A       100%        6
 Dispersal                Tloc           0%         N/A       100%        6
 Eringya's Noxious Bog    Alch           0%         4d6       100%        6
 Sculpt Simulacrum        Ice/Alch       0%         N/A       100%        6
 Starburst                Conj/Fire      0%         6d3       100%        6
 Summon Cactus Giant      Summ           0%         N/A       100%        6
 Enfeeble                 Hex            0%         N/A       100%        7
 Haunt                    Necr/Summ      0%         N/A       100%        7
 Malign Gateway           Summ/Tloc      0%         N/A       100%        7
 Monstrous Menagerie      Summ           0%         N/A       100%        7
 Orb of Destruction       Conj           0%         9d5       100%        7
 Ozocubu's Refrigeration  Ice            0%         4d7       100%        7
 Summon Hydra             Summ           0%         N/A       100%        7
 Borgnjor's Revivificati  Necr           0%         N/A       100%        8
 Discord                  Hex            0%         N/A       100%        8
 Disjunction              Tloc           0%         N/A       100%        8
 Ignition                 Fire           0%         3d3       100%        8
 Lehudib's Crystal Spear  Conj/Erth      0%         10d2      100%        8
 Maxwell's Capacitive Co  Air            0%         ∞         100%        8
 Summon Horrible Things   Summ           0%         N/A       100%        8
 Dragon's Call            Summ           0%         N/A       100%        9
 Blink                    Tloc           Unusable   N/A       N/A         2
 Swiftness                Air            Unusable   N/A       N/A         3

Dungeon Overview and Level Annotations

Branches:
Dungeon (15/15)            Temple (0/1) D:7            Lair (5/5) D:10
 Shoals (4/4) Lair:3        Snake (4/4) Lair:2        Slime (5/5) Lair:4
    Orc (2/2) D:9             Elf (3/3) Orc:2        Vaults (5/5) D:13
  Crypt (3/3) Vaults:2       Tomb (0/3) Crypt:3      Depths (4/4) D:15
   Hell (visited)             Dis (2/7) Hell            Geh (0/7) Hell
    Coc (0/7) Hell            Tar (0/7) Hell            Zot (0/5) Depths:4
  Sewer (visited)         Ossuary (visited)          WizLab (visited)
Desolation (visited)

Altars:
Ashenzari
Cheibriados
Dithmenos
Elyvilon
Fedhas
Gozag
Hepliaklqana
Nemelex Xobeh
Okawaru
Ru
Sif Muna
Trog
Uskayaw
Wu Jian
Xom
Yredelemnul
Zin
Jiyva

Shops:
D:5 ?   Orc:2 [[::   Elf:3 [=   Shoals:2 =   Snake:3 [*   Snake:4 :!
Vaults:3 [   Vaults:4 (   Depths:1 :   Depths:2 ![=(*   Depths:4 **

Portals:
Hell: Depths:1 Depths:2 Depths:3 Depths:4
Abyss: Crypt:2 Depths:2 Depths:3 Depths:4
Pandemonium: Depths:1 Depths:2
Ziggurat: Depths:2
Trove: D:15 (give 12 potions of heal wounds)

Annotations:
D:2 1 exclusion
Elf:2 3 runed translucent doors


Innate Abilities, Weirdness & Mutations

Your life essence is reduced to manifest your ancestor. (-10% HP)
You cannot be hasted, slowed, berserked, paralysed or teleported.
You can dig through walls and to a lower floor.
You have a pair of large antennae on your head. (SInv)
Your four strong arms can wield two-handed weapons with a shield.
You are clumsy. (Dex -2)
Your flesh is heat resistant. (rF+)
You are resistant to electric shocks. (rElec)
You occasionally lose the ability to drink potions when taking damage.


Message History

You hit the iron golem but do no damage.
You catch the helpless iron golem completely off-guard!
You impale the iron golem!!
You catch the helpless iron golem completely off-guard!
You spit the iron golem like a pig!!!
You catch the helpless iron golem completely off-guard!
You impale the iron golem!!
You destroy the iron golem!
The +8 pair of quick blades "Gyre" and "Gimble" {protect} goes still.
Your hands tingle!
e - a +9 lajatang of speed (weapon)
You block the Hell Sentinel's attack. x2
You hit the Hell Sentinel but do no damage.
Unknown command.
You hit the Hell Sentinel but do no damage.
The Hell Sentinel gestures at you. The iron shot hits you!!!
* * * LOW HITPOINT WARNING * * *
Unknown command.
You feel much better. The Hell Sentinel hits you!!
* * * LOW HITPOINT WARNING * * *
You block the Hell Sentinel's attack.
Throw: 5 throwing nets
Press: ? - help, Shift-Dir - straight line, f - Hell Sentinel
Aim: a Hell Sentinel (91% to hit)
You throw a throwing net.
The throwing net hits the Hell Sentinel.
The Hell Sentinel is caught in the net!
The Hell Sentinel struggles against the net.
The +8 pair of quick blades "Gyre" and "Gimble" {protect} hums with potential!
w - the +8 pair of quick blades "Gyre" and "Gimble" (weapon)
{protect} You hit the Hell Sentinel but do no damage.
Your weapon exudes an aura of protection.
You strike the helpless Hell Sentinel from behind!
You impale the Hell Sentinel!!
You hit the Hell Sentinel but do no damage. x2
The Hell Sentinel is moderately wounded.
The Hell Sentinel gestures at you.
The sphere of damnation explodes!
The damnation engulfs you!!
You die...

. .. ... ..#.
.....,#######+##
......#@..##...#
,#..1)...'.∩.+
....2.#...##...#
(.....#######+##
(.#..,, .....
.... (... {


You could see a Hell Sentinel (caught) and a hellion (unable to see you).

Vanquished Creatures
  3 dread liches
  An ancient lich (Vaults:5)
  Mara (Shoals:4)
  3 juggernauts
  Josephina (Depths:3)
  Sojobo (Crypt:1)
  The ghost of MackTheFife the End of an Era, a veteran HOGl of Qazlal (Vaults:3)
  The ghost of Roocroe the Impregnable, a veteran MiGl of Hepliaklqana (Crypt:2)
  Vv (Depths:2)
  Bai Suzhen (Elf:3)
  Saint Roka (Snake:2)
  Vashnia (Snake:2)
  2 caustic shrikes
  Geryon (Hell)
  Jory (Vaults:3)
  4 golden dragons
  A bone dragon (Crypt:3)
  The ghost of Obeum the Brawler, an adept TrGl of the Shining One (Elf:2)
  3 tentacled monstrosities
  Rupert (Lair:3)
  Zenata (Vaults:4)
  Jorgrun (Orc:2)
  The ghost of topfpfpflanze the Sorcerer, an adept SpCj of Gozag (Vaults:3)
  2 liches
  A Hell Sentinel (Dis:2)
  2 deep elf blademasters (Elf:3)
  3 quicksilver dragons
  Murray (Hell)
  6 searing wretches (Hell)
  6 sphinxes
  3 deep elf master archers
  3 tentacled starspawn
  3 titans
  4 acid blobs (Slime:5)
  An Executioner (Crypt:2)
  8 ancient champions
  5 shadow dragons
  4 tengu reavers
  15 rockslimes
  Donald (Snake:2)
  A thorn hunter (Abyss:3)
  4 storm dragons
  A draconian monk (Depths:4)
  4 iron dragons
  6 azure jellies
  A fenstrider witch (WizLab)
  11 frost giants
  2 nagarajas
  4 deep elf sorcerers
  2 imperial myrmidons (Desolation)
  6 fire giants
  A quicksilver elemental (Dis:2)
  12 vault wardens
  4 draconian stormcallers (Depths:4)
  A ghost moth (Abyss:3)
  3 deep elf elementalists (Elf:3)
  2 curse skulls
  5 reapers
  A juggernaut zombie (Crypt:3)
  13 ironbound preservers
  A caustic shrike zombie (Depths:3)
  12 stone giants
  5 quicksilver oozes
  3 spriggan defenders (Depths:2)
  4 formless jellyfish
  An orc warlord (Vaults:2)
  15 very ugly things
  6 deep elf death magi
  9 ironbound thunderhulks
  7 deep elf demonologists (Elf:3)
  7 vampire knights
  2 eleionomae (WizLab)
  2 halazid warlocks (Desolation)
  3 deep elf annihilators (Elf:3)
  8 dire elephants
  3 white draconians (Depths:4)
  Nessos (D:13)
  8 eidola
  6 spark wasps
  7 war gargoyles
  A red draconian (Depths:4)
  11 ettins
  4 iron golems
  7 yaktaur captains
  3 merfolk javelineers (Shoals:4)
  7 ragged hierophants (Desolation)
  A blizzard demon (Hell)
  6 crystal guardians
  2 spectral elves (Elf:1)
  Harold (D:11)
  A spriggan zombie (Crypt:3)
  6 merfolk impalers
  3 entropy weavers
  2 deep elf high priests
  7 great orbs of eyes
  12 fire dragons
  9 jiangshi
  A shambling mangrove (WizLab)
  A hell beast (Depths:1)
  22 vault guards
  10 ice dragons
  A salamander tyrant (Snake:3)
  7 servants of whispers (Desolation)
  5 hydras
  Erolcha (D:13)
  10 peacekeepers
  10 spriggan air magi
  3 satyrs
  3 merfolk avatars
  A stoker (Hell)
  3 anacondas
  An alligator snapping turtle (Shoals:4)
  15 dancing weapons
  14 centaur warriors
  7 ironbound frosthearts
  A death knight (Crypt:2)
  10 tengu warriors
  A catoblepas (D:14)
  2 merfolk aquamancers
  5 spriggan berserkers
  8 two-headed ogres
  5 boulder beetles
  5 deep troll earth magi
  3 deep troll shamans
  15 naga warriors
  5 hell hogs (Hell)
  2 thrashing horrors
  3 occultists
  5 soul eaters
  A storm dragon zombie (Vaults:5)
  3 titan zombies
  8 vampire magi
  17 hell knights
  3 spriggans (Depths:1)
  6 shock serpents
  2 orc high priests (Orc:2)
  22 naga sharpshooters
  Amaemon (Lair:1)
  Sonja (Orc:1)
  A shadow wraith (Crypt:1)
  8 deep elf knights
  A sun demon (Depths:1)
  Nergalle (D:10)
  6 salamander mystics
  28 skeletal warriors
  A sixfirhy (Depths:1)
  4 iron trolls
  2 wretched stars (Abyss:3)
  11 sea snakes
  44 deep trolls
  3 skysharks
  6 large abominations
  2 spectral anacondas (Snake:1)
  An elf simulacrum (Elf:1)
  A glowing orange brain (shapeshifter) (Vaults:2)
  3 glowing orange brains
  A golden dragon zombie (Depths:3)
  An iron giant zombie (Crypt:3)
  6 naga ritualists
  3 flayed ghosts
  Lodul (D:13)
  An orb spider (shapeshifter) (Depths:2)
  5 arcanists
  10 ironbound convokers
  2 lindwurms (shapeshifter)
  A mana viper (shapeshifter) (Depths:4)
  11 mana vipers
  2 bunyip skeletons
  An orange crystal statue (Crypt:1)
  An anaconda zombie (Crypt:3)
  A golden dragon skeleton (Crypt:3)
  9 phantasmal warriors
  A tengu zombie (Depths:3)
  21 lindwurms
  2 sun moths (shapeshifter)
  4 deep elf archers
  10 harpies
  10 necromancers
  20 ugly things
  22 deep elf pyromancers
  13 deep elf zephyrmancers
  11 orc knights
  2 anaconda skeletons
  A shadow dragon skeleton (Crypt:3)
  2 tengu skeletons (Vaults:2)
  2 wolf spiders (Lair:5)
  2 worldbinders
  Maurice (D:7)
  5 orc sorcerers
  An alligator skeleton (Hell)
  A salamander (shapeshifter) (D:14)
  An oklob plant (WizLab)
  15 salamanders
  2 cyclopes
  16 fauns
  An elf skeleton (Vaults:2)
  A shining eye (shapeshifter) (Vaults:2)
  A will-o-the-wisp (Abyss:3)
  4 kobold blastminers
  A meliai (shapeshifter) (D:13)
  12 vault sentinels
  6 merfolk sirens
  A cyclops (shapeshifter) (Vaults:5)
  12 manticores
  10 rust devils
  An iron dragon skeleton (Crypt:1)
  14 elephants
  39 black mambas
  12 guardian serpents
  12 starcursed masses
  2 centaur zombies (Crypt:3)
  5 human skeletons (Vaults:2)
  7 water nymphs
  2 apocalypse crabs
  4 orange demons
  A molten gargoyle (Desolation)
  6 torpor snails (Lair:5)
  A death yak zombie (Crypt:2)
  13 naga magi
  15 cane toads
  4 gargoyles
  Maggie (D:9)
  A shock serpent skeleton (Crypt:1)
  2 hellions
  4 efreet
  3 unseen horrors
  3 rime drakes
  30 yaktaurs
  A catoblepas zombie (Crypt:2)
  3 tengu conjurers
  The ghost of ioannis32 the Covert, a novice OpBr of Yredelemnul (D:5)
  10 komodo dragons
  2 anaconda simulacra (Snake:1)
  2 tormentors
  2 golden dragon simulacra
  2 sea snake zombies (Hell)
  A spark wasp simulacrum (Depths:3)
  An ancient zyme (Abyss:3)
  2 hydra zombies (Hell)
  7 freezing wraiths
  A sea snake skeleton (Snake:1)
  A white draconian skeleton (Crypt:2)
  2 harpy zombies (Crypt:3)
  A troll (shapeshifter) (D:14)
  4 trolls
  A harpy skeleton (Crypt:3)
  A purple draconian skeleton (Crypt:2)
  3 tyrant leeches (Lair:5)
  18 merfolk
  2 polar bears
  A tengu simulacrum (Depths:3)
  9 hornets
  6 wind drakes
  30 saltlings (Desolation)
  Grinder (D:3)
  3 spectral guardian serpents (Snake:1)
  9 snapping turtles
  6 blink frogs
  3 glass eyes
  A raiju (Abyss:3)
  A dream sheep (Shoals:4)
  A frost giant simulacrum (Depths:3)
  A jumping spider (shapeshifter) (Vaults:2)
  A jumping spider (Vaults:2)
  A fire dragon zombie (Crypt:3)
  A centaur simulacrum (D:15)
  An ettin skeleton (Vaults:2)
  2 shadows
  10 water elementals
  51 slime creatures
  2 air elementals
  40 yaks
  5 wraiths
  16 wyverns
  2 basilisks
  A hog (shapeshifter) (Elf:1)
  3 fire elementals
  3 wargs
  A human (D:10)
  2 redbacks
  2 steam dragons
  11 vampire mosquitoes
  2 chaos spawn (Depths:4)
  2 sea snake simulacra (Snake:1)
  A yaktaur simulacrum (Vaults:5)
  36 nagas
  An acid dragon (D:12)
  19 water moccasins
  A glowing shapeshifter skeleton (Vaults:2)
  A guardian serpent simulacrum (Snake:1)
  4 black bears
  18 orc warriors
  28 laughing skulls
  10 small abominations
  11 ogres
  7 boggarts
  2 sky beasts (D:7)
  6 centaurs
  33 wolves
  2 phantoms
  A vine stalker zombie (Crypt:1)
  A weeping skull (Elf:1)
  A rime drake skeleton (Crypt:1)
  A kobold brigand (D:8)
  12 bullfrogs
  A necrophage (Crypt:3)
  2 earth elementals
  A water moccasin zombie (Crypt:2)
  6 naga simulacra (Snake:1)
  A gnoll sergeant (D:12)
  14 scorpions
  4 wights
  5 killer bees
  A polar bear skeleton (Crypt:1)
  2 spectral nagas (Snake:1)
  6 howler monkeys
  3 electric eels
  2 bombardier beetles (D:4)
  A bullfrog zombie (Ossuary)
  A quasit (Abyss:3)
  5 jellies
  A wolf skeleton (Crypt:2)
  13 orc priests
  A sleepcap (D:6)
  A hexer (D:9)
  14 orc wizards
  2 iguanas
  4 hell rats (Lair:4)
  A naga zombie (Crypt:1)
  8 gnolls
  8 adders
  2 white imps (D:7)
  An adder zombie (Ossuary)
  6 dart slugs
  2 ribbon worms
  54 orcs
  4 endoplasms
  10 giant cockroaches
  12 goblins
  6 hobgoblins
  3 quokkas
  11 ball pythons
  5 bats
  4 frilled lizards
  2 gnoll zombies (Ossuary)
  A hobgoblin zombie (Ossuary)
  17 kobolds
  A kobold skeleton (Crypt:1)
  3 orc zombies (Ossuary)
  6 rats
  A lost soul (Elf:1)
  A lurking horror (Abyss:3)
  A tentacle (Shoals:4)
1958 creatures vanquished.

Vanquished Creatures (collateral kills)
  the Royal Jelly (Slime:5)
  An ancient lich (Vaults:5)
  Boris (thrice) (Vaults:3 Depths:4 Vaults:5)
  The ghost of WeeknightWizard the Sorcerer, a veteran DEFE of Vehumet (Depths:4)
  A golden dragon (Vaults:5)
  the Enchantress (Depths:1)
  A bone dragon (Depths:4)
  2 tentacled monstrosities
  2 liches
  2 quicksilver dragons
  2 deep elf master archers (WizLab)
  A sphinx (Depths:2)
  3 ancient champions
  3 titans (Vaults:5)
  5 acid blobs
  2 shadow dragons (Vaults:5)
  2 revenants
  Aizul (Snake:1)
  2 storm dragons (Vaults:5)
  3 tengu reavers
  3 vault wardens
  An azure jelly (Slime:5)
  2 fenstrider witches (WizLab)
  A nagaraja (Snake:4)
  A quicksilver elemental (Dis:1)
  2 iron dragons
  2 deep elf sorcerers
  A curse skull (Elf:1)
  2 reapers (Hell)
  3 spriggan defenders (Depths:1)
  2 ironbound preservers
  2 quicksilver oozes (Slime:5)
  An ophan (Abyss:3)
  3 stone giants
  2 deep elf death magi
  An eleionoma (WizLab)
  2 war gargoyles
  2 deep elf demonologists
  3 deep elf annihilators (Elf:3)
  2 eidola
  A blizzard demon (Hell)
  A spark wasp (Depths:1)
  An iron golem (Hell)
  A crystal guardian (Crypt:3)
  A merfolk javelineer (Shoals:2)
  A shambling mangrove (WizLab)
  3 yaktaur captains (Vaults:5)
  2 servants of whispers (Desolation)
  4 great orbs of eyes
  11 vault guards
  5 ice dragons
  4 peacekeepers (Desolation)
  A spriggan air mage (Depths:1)
  A centaur warrior (WizLab)
  An ogre mage (Vaults:5)
  A catoblepas (Lair:4)
  A stoker (Hell)
  2 dancing weapons (Elf:2)
  A death knight (Crypt:1)
  2 boulder beetles
  2 orc high priests (Orc:2)
  2 spriggan berserkers
  3 hell hogs (Hell)
  A deep troll shaman (Depths:2)
  2 naga warriors
  A shock serpent (Snake:4)
  2 hell knights
  A thrashing horror (Abyss:3)
  A crystal echidna (Dis:2)
  A soul eater (Hell)
  A sun demon (Hell)
  A skyshark (shapeshifter) (Vaults:5)
  A wretched star (Crypt:2)
  2 deep elf knights
  A sea snake (Shoals:2)
  A salamander mystic (Snake:4)
  3 glowing orange brains
  An obsidian statue (Depths:4)
  2 mana vipers
  2 skeletal warriors
  2 deep trolls
  2 naga ritualists
  An elf simulacrum (Elf:1)
  An ironbound convoker (Vaults:1)
  2 harpies
  2 necromancers
  2 deep elf archers (WizLab)
  4 deep elf pyromancers
  An ugly thing (D:13)
  An orc knight (Vaults:2)
  2 lindwurms
  3 deep elf zephyrmancers (Elf:2)
  An orc sorcerer (Orc:2)
  4 manticores
  An alligator zombie (Hell)
  2 shining eyes
  2 cyclopes
  3 fauns (Shoals:3)
  3 salamanders
  A vault sentinel (Vaults:1)
  3 guardian serpents
  A naga mage (Snake:3)
  A merfolk siren (Shoals:4)
  A molten gargoyle (Desolation)
  2 water nymphs (Shoals:1)
  2 ice statues (Hell)
  An iron dragon skeleton (Depths:3)
  5 black mambas
  4 cane toads
  A sea snake zombie (Hell)
  3 freezing wraiths
  A golden dragon simulacrum (Depths:3)
  5 yaktaurs
  A sea snake skeleton (Hell)
  6 starcursed masses
  2 hornets
  A raiju (Abyss:3)
  A tarantella (shapeshifter) (Vaults:5)
  21 saltlings (Desolation)
  A human simulacrum (Vaults:5)
  A dream sheep (Shoals:4)
  2 snapping turtles (Shoals:1)
  20 slime creatures
  A vampire (Elf:1)
  A spriggan (Depths:1)
  A water elemental (Shoals:1)
  A wyvern (Lair:5)
  2 wraiths
  3 yaks (D:9)
  A fire elemental (Elf:2)
  A vampire mosquito (D:11)
  A neqoxec (Abyss:1)
  5 nagas
  2 acid dragons
  A hydra simulacrum (Hell)
  3 small abominations
  A water moccasin (D:5)
  2 black bears
  An ogre (D:5)
  4 laughing skulls
  2 orc warriors (Orc:2)
  A boggart (D:7)
  3 wolves
  2 centaurs
  A bullfrog (Sewer)
  3 scorpions
  A water moccasin zombie (Ossuary)
  2 killer bees (D:9)
  2 howler monkeys
  3 orc priests
  2 centaur zombies (Ossuary)
  2 hounds
  2 scorpion zombies (Ossuary)
  2 orc wizards
  2 hell rats (Lair:4)
  An adder (D:5)
  4 gnolls
  A naga simulacrum (Snake:1)
  5 adder zombies (Ossuary)
  4 dart slugs (Sewer)
  A ribbon worm (D:5)
  15 orcs
  An endoplasm (D:3)
  A gnoll zombie (Ossuary)
  A quokka (D:5)
  A frilled lizard (Sewer)
  2 goblin zombies (Ossuary)
  A hobgoblin zombie (Ossuary)
  An orc zombie (Ossuary)
  3 butterflies (D:6)
  A tentacle (Shoals:4)
383 creatures vanquished.

Vanquished Creatures (others)
  A kraken (Shoals:4)
  A war gargoyle (Dis:2)
  A peacekeeper (Desolation)
  A salamander mystic (Snake:4)
  A deep elf archer (Elf:1)
  A necromancer (Vaults:5)
  A deep elf pyromancer (Elf:1)
  A black mamba (Snake:2)
  A freezing wraith (Vaults:5)
  A spectral sea snake (Snake:1)
  A tengu conjurer (Depths:2)
  An orc wizard (Orc:2)
  28 hexers
  A foxfire (Abyss:3)
  2 lost souls (Elf:1)
  6 starspawn tentacles (Abyss:3)
  2 tentacles (Shoals:4)
51 creatures vanquished.

Grand Total: 2392 creatures vanquished

Notes
Turn   | Place    | Note
-------+----------+-------------------------------------------
     0 | D:1      | Bnni the Formicid Fighter began the quest for the Orb.
     0 | D:1      | Reached XP level 1. HP: 18/18 MP: 1/1
     1 | D:1      | Noticed an electric eel
   100 | D:1      | Reached XP level 2. HP: 24/24 MP: 2/2
   741 | D:2      | Reached XP level 3. HP: 23/30 MP: 3/3
   797 | D:2      | Found a hazy altar of Hepliaklqana.
   887 | D:2      | Became a worshipper of Hepliaklqana the Forgotten
  1311 | D:2      | Reached * piety under Hepliaklqana
  1598 | D:3      | Noticed Grinder
  1608 | D:3      | Killed Grinder
  1609 | D:3      | Reached XP level 4. HP: 19/34 MP: 3/5
  1609 | D:3      | Reached XP level 5. HP: 22/38 MP: 3/6
  1609 | D:3      | Reached XP level 6. HP: 25/44 MP: 3/7
  2610 | D:3      | Reached skill level 5 in Staves
  2810 | D:4      | Noticed a black bear
  2817 | D:4      | Killed a black bear
  2818 | D:4      | Reached skill level 5 in Fighting
  2818 | D:4      | Reached XP level 7. HP: 47/50 MP: 9/9
  2894 | D:4      | Found an iron altar of Okawaru.
  3011 | D:4      | Found a sparkling altar of Nemelex Xobeh.
  3686 | D:4      | Reached ** piety under Hepliaklqana
  3687 | D:4      | Remembered your ancestor Stabby McGee as a hexer
  3798 | D:5      | Entered Level 5 of the Dungeon
  3804 | D:5      | Noticed a water moccasin
  3818 | D:5      | Killed a water moccasin
  3867 | D:5      | Reached XP level 8. HP: 43/56 MP: 11/11
  3878 | D:5      | Found a glowing drain.
  3901 | Sewer    | Entered a sewer
  4212 | D:5      | Reached skill level 5 in Invocations
  4368 | D:5      | Got Acaod's Anthology of the Collective Catacomb
  4378 | D:5      | Found Xaitaep's Magic Scroll Shop.
  4383 | D:5      | Noticed a wyvern
  4397 | D:5      | Killed a wyvern
  4513 | D:5      | Found a transporter.
  4514 | D:5      | Noticed ioannis32's ghost (novice OpBr)
  4528 | D:5      | Found a transporter.
  5096 | D:5      | Killed ioannis32's ghost
  5097 | D:5      | Reached XP level 9. HP: 60/63 MP: 13/13
  5237 | D:6      | Found a sacrificial altar of Ru.
  5237 | D:6      | Found a white marble altar of Elyvilon.
  5277 | D:6      | Identified the +3 leather armour of Hairiness {rPois Regen+
                  | Int+4 Dex-2}
  5296 | D:6      | Reached *** piety under Hepliaklqana
  5305 | D:6      | Found a sand-covered staircase.
  5310 | Ossuary  | Entered an ossuary
  5430 | Ossuary  | Noticed a silent spectre
  5489 | D:6      | Identified the +0 buckler of the Everdark {Dex+3}
  5519 | D:6      | Found an ornate altar of the Wu Jian Council.
  5795 | D:6      | Found a runed translucent door.
  5797 | D:6      | Found a runed translucent door.
  5804 | D:6      | Reached XP level 10. HP: 72/72 MP: 15/15
  5833 | D:6      | Reached skill level 10 in Staves
  6377 | D:7      | Noticed Maurice
  6382 | D:7      | Maurice stole a +5 great mace
  6389 | D:7      | Killed Maurice
  6552 | D:7      | Found a blossoming altar of Fedhas.
  6552 | D:7      | Found the +8 pair of quick blades "Gyre" and "Gimble"
                  | {protect}
  6838 | D:7      | Reached skill level 1 in Short Blades
  6869 | D:7      | Noticed a two-headed ogre
  6869 | D:7      | Noticed a two-headed ogre
  6921 | D:7      | Killed a two-headed ogre
  6926 | D:7      | Killed a two-headed ogre
  6927 | D:7      | Reached skill level 5 in Short Blades
  6927 | D:7      | Reached XP level 11. HP: 53/80 MP: 17/17
  6971 | D:7      | Found a staircase to the Ecumenical Temple.
  7221 | D:8      | Found a hazy altar of Hepliaklqana.
  7483 | D:8      | Noticed a two-headed ogre
  7491 | D:8      | Killed a two-headed ogre
  7552 | D:8      | Found a snail-covered altar of Cheibriados.
  7594 | D:8      | Found a broken altar of Ashenzari.
  7666 | D:8      | Noticed a two-headed ogre
  7673 | D:8      | Killed a two-headed ogre
  7725 | D:8      | Reached **** piety under Hepliaklqana
  7874 | D:8      | Found a shimmering blue altar of Sif Muna.
  8083 | D:8      | Found a bloodstained altar of Trog.
  8214 | D:9      | Reached skill level 10 in Fighting
  8214 | D:9      | Reached skill level 1 in Stealth
  8215 | D:9      | Noticed a manticore
  8216 | D:9      | Reached skill level 10 in Invocations
  8221 | D:9      | Killed a manticore
  8226 | D:9      | Found a shadowy altar of Dithmenos.
  8271 | D:9      | Found a staircase to the Orcish Mines.
  8407 | D:9      | Noticed Maggie
  8415 | D:9      | Killed Maggie
  8506 | D:9      | Found a glowing silver altar of Zin.
  8607 | D:9      | Reached skill level 10 in Short Blades
  8757 | D:5      | Bought a scroll of acquirement for 780 gold pieces
  8757 | D:5      | Acquired 989 gold pieces
  8767 | D:5      | Bought a scroll of identify for 30 gold pieces
  8767 | D:5      | Bought a scroll of poison for 60 gold pieces
  8767 | D:5      | Bought a scroll of revelation for 112 gold pieces
  8767 | D:5      | Bought a scroll of amnesia for 60 gold pieces
  8868 | D:10     | Entered Level 10 of the Dungeon
  8869 | D:10     | Found a runed translucent door.
  8873 | D:10     | Found a basalt altar of Yredelemnul.
  8954 | D:10     | Found a shimmering altar of Xom.
  9001 | D:10     | Reached XP level 12. HP: 88/88 MP: 19/19
  9102 | D:10     | Found a staircase to the Lair.
  9167 | D:10     | Noticed Nergalle
  9178 | D:10     | Killed Nergalle
  9512 | D:11     | Reached ***** piety under Hepliaklqana
  9587 | D:11     | Noticed Harold
  9595 | D:11     | Killed Harold
  9596 | D:11     | Reached skill level 5 in Stealth
  9808 | D:11     | Noticed a boulder beetle
  9825 | D:11     | Killed a boulder beetle
  9916 | D:11     | Noticed a two-headed ogre
  9922 | D:11     | Killed a two-headed ogre
 10024 | D:11     | Noticed a boulder beetle
 10031 | D:11     | Killed a boulder beetle
 10419 | D:12     | Reached XP level 13. HP: 95/95 MP: 21/21
 10544 | D:12     | Identified the +0 pair of gloves "Qexalyen" {^Contam +Blink
                  | Int+3}
 11189 | D:13     | Noticed Erolcha
 11197 | D:13     | Killed Erolcha
 11284 | D:13     | Noticed a vault guard
 11285 | D:13     | Found a gate to the Vaults.
 11297 | D:13     | Killed a vault guard
 11339 | D:13     | Noticed Lodul
 11356 | D:13     | Killed Lodul
 11360 | D:13     | Reached skill level 5 in Shields
 11417 | D:13     | Noticed Nessos
 11496 | D:13     | Killed Nessos
 11574 | D:13     | Noticed a centaur warrior
 11584 | D:13     | Killed a centaur warrior
 11783 | D:13     | Noticed a centaur warrior
 11784 | D:13     | Noticed a centaur warrior
 11791 | D:13     | Killed a centaur warrior
 11792 | D:13     | Reached skill level 6 in Shields
 11798 | D:13     | Killed a centaur warrior
 12206 | D:14     | Reached skill level 7 in Shields
 12206 | D:14     | Reached XP level 14. HP: 104/104 MP: 23/23
 12670 | D:14     | Reached skill level 8 in Shields
 13081 | Lair:1   | Entered Level 1 of the Lair of Beasts
 13168 | Lair:1   | Reached skill level 9 in Shields
 13239 | Lair:1   | Identified the +5 spear of Etak {elec, rN+}
 13316 | Lair:1   | Reached skill level 10 in Stealth
 13394 | Lair:1   | Reached skill level 10 in Shields
 13478 | Lair:1   | Found the +8 longbow "Zephyr" {speed, Dex+3 SInv}
 13564 | Lair:1   | Reached ****** piety under Hepliaklqana
 13828 | Lair:1   | Noticed Amaemon
 13840 | Lair:1   | Killed Amaemon
 13982 | Lair:2   | Found a staircase to the Snake Pit.
 14110 | Lair:2   | Reached skill level 11 in Shields
 14772 | Lair:3   | Reached skill level 1 in Dodging
 14887 | Lair:3   | Found a staircase to the Shoals.
 14978 | Lair:3   | Reached XP level 15. HP: 111/111 MP: 25/25
 15448 | Lair:3   | Noticed Rupert
 15469 | Lair:3   | Killed Rupert
 15608 | Lair:4   | Noticed a quicksilver ooze
 15619 | Lair:4   | Killed a quicksilver ooze
 15754 | Lair:4   | Reached skill level 12 in Shields
 16170 | Lair:4   | Found a viscous altar of Jiyva.
 16170 | Lair:4   | Found a staircase to the Slime Pits.
 16363 | Lair:5   | Entered Level 5 of the Lair of Beasts
 16461 | Lair:5   | Identified the +8 chain mail of Summer {Harm rPois Dex+7}
 16601 | Lair:5   | Got an earthy gem with 407 turns to spare
 16723 | Lair:5   | Reached skill level 13 in Shields
 16731 | Lair:5   | Reached skill level 1 in Throwing
 17438 | Lair:5   | Reached XP level 16. HP: 119/119 MP: 26/26
 17500 | Lair:5   | Reached skill level 5 in Armour
 17683 | Lair:5   | Reached skill level 5 in Dodging
 17730 | Lair:5   | Reached skill level 14 in Shields
 18133 | Orc:1    | Entered Level 1 of the Orcish Mines
 18772 | Orc:1    | Noticed Sonja
 18775 | Orc:1    | Killed Sonja
 18915 | Orc:2    | Entered Level 2 of the Orcish Mines
 18958 | Orc:2    | Noticed Jorgrun
 18971 | Orc:2    | Killed Jorgrun
 19393 | Orc:2    | Found a staircase to the Elven Halls.
 19483 | Orc:2    | Found Ramulisch's Armour Boutique.
 19509 | Orc:2    | Reached skill level 5 in Throwing
 19645 | Orc:2    | Found Syner's Antique Armour Boutique.
 19822 | Orc:2    | Found Kegelea's Book Shoppe.
 19827 | Orc:2    | Found Tuckas's Book Shoppe.
 20178 | Snake:1  | Entered Level 1 of the Snake Pit
 20196 | Snake:1  | Reached skill level 15 in Shields
 20316 | Snake:1  | Found a shimmering altar of Xom.
 21203 | Snake:1  | Reached XP level 17. HP: 98/126 MP: 27/27
 21428 | Snake:2  | Identified the serpent talisman of Henotheism {rElec MP+9
                  | Str+2 Int-5}
 21428 | Snake:2  | Noticed Aizul
 21443 | Snake:1  | Killed Aizul
 21566 | Snake:2  | Noticed Donald
 22070 | Snake:2  | Noticed Saint Roka
 22091 | Snake:2  | Killed Saint Roka
 22252 | Snake:2  | Reached skill level 15 in Fighting
 22252 | Snake:2  | Reached skill level 16 in Shields
 22454 | Snake:2  | Noticed Vashnia
 22471 | Snake:2  | Killed Vashnia
 22957 | Snake:2  | Killed Donald
 24048 | Snake:3  | Found Voipniam's General Store.
 24052 | Snake:3  | Found Nimeloul's Antique Armour Shoppe.
 24060 | Snake:3  | Bought a jewelled plate armour for 980 gold pieces
 24060 | Snake:3  | Identified the +0 plate armour of Purpose {-Cast rPois
                  | Str+3} (You bought it in a shop on level 3 of the Snake
                  | Pit)
 24134 | Snake:3  | Reached XP level 18. HP: 46/134 MP: 24/28
 25051 | Snake:4  | Entered Level 4 of the Snake Pit
 25496 | Snake:4  | Found Liderat's Distillery.
 25500 | Snake:4  | Bought a potion of enlightenment for 60 gold pieces
 25500 | Snake:4  | Bought a potion of might for 48 gold pieces
 25500 | Snake:4  | Bought a potion of invisibility for 96 gold pieces
 25500 | Snake:4  | Bought a potion of mutation for 96 gold pieces
 25500 | Snake:4  | Gained mutation: Your spells are a little easier to cast,
                  | but a little less powerful. [potion of mutation]
 25501 | Snake:4  | Lost mutation: Your spells are a little easier to cast, but
                  | a little less powerful. [potion of mutation]
 25501 | Snake:4  | Gained mutation: You occasionally lose the ability to drink
                  | potions when taking damage. [potion of mutation]
 25501 | Snake:4  | Gained mutation: You are resistant to electric shocks.
                  | (rElec) [potion of mutation]
 25501 | Snake:4  | Gained mutation: Your flesh is heat resistant. (rF+)
                  | [potion of mutation]
 25502 | Snake:4  | Found Obag Ber's Book Emporium.
 25956 | Snake:4  | Reached skill level 17 in Shields
 26101 | Snake:4  | Reached skill level 10 in Throwing
 26174 | Snake:4  | Got a serpentine rune of Zot
 26609 | Shoals:1 | Entered Level 1 of the Shoals
 26781 | Shoals:1 | Reached XP level 19. HP: 32/141 MP: 1/29
 27411 | Shoals:2 | Found Gaom Lish's Jewellery Boutique.
 27719 | Shoals:3 | Reached skill level 18 in Shields
 27741 | Shoals:3 | Found a flickering gateway to a bazaar.
 27762 | Bazaar   | Entered a bazaar
 27762 | Bazaar   | Found Niorionu's Distillery.
 27762 | Bazaar   | Found Wirghott's General Store.
 27763 | Bazaar   | Found Rothuq's Antique Weapon Shoppe.
 27763 | Bazaar   | Found Ramnebif's Distillery.
 27787 | Bazaar   | Bought the +7 lajatang of Order {silver, rMut} for 1565
                  | gold pieces
 27787 | Bazaar   | Found the +7 lajatang of Order {silver, rMut}
 27797 | Bazaar   | Bought 4 atropa-tipped darts for 39 gold pieces
 27797 | Bazaar   | Bought a scroll of enchant armour for 82 gold pieces
 27801 | Bazaar   | Bought a potion of mutation for 72 gold pieces
 27801 | Bazaar   | Bought a potion of might for 36 gold pieces
 27801 | Bazaar   | Bought 2 potions of curing for 54 gold pieces
 27801 | Bazaar   | Bought a potion of heal wounds for 45 gold pieces
 27811 | Bazaar   | Bought a potion of might for 76 gold pieces
 27886 | Shoals:3 | Identified the +0 leather armour "Zoli" {Fly Str-4 Dex+5}
 28116 | Shoals:4 | Entered Level 4 of the Shoals
 28342 | Shoals:4 | Reached skill level 10 in Armour
 28380 | Shoals:4 | Got an azure gem with 88 turns to spare
 28382 | Shoals:4 | Got a barnacled rune of Zot
 28746 | Shoals:4 | Noticed Mara
 28757 | Shoals:4 | Killed Mara
 28824 | Shoals:4 | Reached skill level 15 in Stealth
 29562 | D:15     | Entered Level 15 of the Dungeon
 29562 | D:15     | Found a portal to a secret trove of treasure.
 29660 | D:15     | Found a hide-covered altar of Uskayaw.
 29995 | D:15     | Found a staircase to the Depths.
 30004 | D:15     | Reached XP level 20. HP: 147/149 MP: 30/30
 30546 | Depths:1 | Entered Level 1 of the Depths
 30563 | Depths:1 | Reached skill level 19 in Shields
 30573 | Depths:1 | Found Remonee's Book Shop.
 30595 | Depths:1 | Found a runed translucent door.
 30601 | Depths:1 | Noticed a juggernaut
 30602 | Depths:1 | Noticed the Enchantress
 30715 | Depths:1 | Identified the +5 chain mail of the Stars {Dex+5}
 31403 | Depths:1 | Found a one-way gate leading to the halls of Pandemonium.
 31565 | Depths:1 | Found a gateway to Hell.
 31709 | Depths:1 | Bought a manual of Shields for 880 gold pieces
 31763 | Depths:2 | Found Gixkiloq's Jewellery Shop.
 31902 | Depths:2 | Noticed Vv
 31914 | Depths:2 | Killed Vv
 31970 | Depths:2 | Reached skill level 20 in Shields
 32162 | Depths:2 | Found Moril's Antique Armour Shop.
 32207 | Depths:2 | Found a one-way gate to the infinite horrors of the Abyss.
 32226 | Depths:2 | Found Anaap's Distillery.
 32521 | Depths:2 | Noticed a golden dragon
 32534 | Depths:2 | Noticed a tentacled monstrosity
 32541 | Depths:2 | Killed a golden dragon
 32552 | Depths:2 | Killed a tentacled monstrosity
 32646 | Depths:2 | Reached XP level 21. HP: 89/156 MP: 31/31
 32773 | Depths:2 | Noticed a caustic shrike
 32781 | Depths:2 | Killed a caustic shrike
 32944 | Depths:2 | Reached skill level 21 in Shields
 32981 | Depths:2 | Identified the +5 crystal plate armour "Ilacryap" {rPois
                  | rN++ rCorr Slay-2}
 33723 | Depths:2 | Found a one-way gateway to a ziggurat.
 33738 | Depths:2 | Found Quaha's Assorted Antiques.
 33913 | Depths:2 | Found Koitar's Antique Weapon Shoppe.
 34044 | Depths:2 | Bought a potion of heal wounds for 105 gold pieces
 34044 | Depths:2 | Bought 2 potions of heal wounds for 210 gold pieces
 34108 | Depths:3 | Noticed a golden dragon
 34111 | Depths:3 | Identified the ring of Woskunioq {Ice Str+5 Int+5}
 34111 | Depths:3 | Noticed Josephina
 34127 | Depths:3 | Killed a golden dragon
 34143 | Depths:3 | Killed Josephina
 34421 | Depths:3 | Noticed a golden dragon
 34432 | Depths:3 | Killed a golden dragon
 34612 | Depths:3 | Found a white marble altar of Elyvilon.
 35633 | Vaults:1 | Entered Level 1 of the Vaults
 35774 | Vaults:1 | Reached skill level 10 in Dodging
 35774 | Vaults:1 | Reached skill level 22 in Shields
 35977 | Vaults:1 | Reached XP level 22. HP: 163/163 MP: 32/32
 36931 | Vaults:2 | Reached skill level 23 in Shields
 36939 | Vaults:2 | Acquired the amulet "Giffokhli" {Reflect ^Drain Regen+
                  | Str+2 Dex+3 SH+5}
 37166 | Vaults:2 | Found a staircase to the Crypt.
 38328 | Vaults:3 | Found Taffugg's Armour Emporium.
 38408 | Vaults:3 | Reached XP level 23. HP: 160/171 MP: 33/33
 38415 | Vaults:3 | Reached skill level 15 in Throwing
 38562 | Vaults:3 | Noticed Boris
 38578 | Vaults:3 | Killed Boris
 38677 | Vaults:3 | Noticed Jory
 38700 | Vaults:3 | Killed Jory
 38786 | Vaults:3 | Found a runed translucent gate.
 38786 | Vaults:3 | Found a runed translucent gate.
 38786 | Vaults:3 | Found a runed translucent gate.
 38788 | Vaults:3 | Noticed topfpfpflanze's ghost (adept SpCj)
 38788 | Vaults:3 | Noticed MackTheFife's ghost (veteran HOGl)
 38821 | Vaults:3 | Killed topfpfpflanze's ghost
 38849 | Vaults:3 | Killed MackTheFife's ghost
 38854 | Vaults:3 | Identified the ring "Osin" {rPois rF- rC+ Dex+6 Stlth+}
 39114 | Vaults:4 | Identified the orb "Mapt" {*channel, Stlth+}
 39186 | Vaults:4 | Got the Tome of Scree
 39321 | Vaults:4 | Found the +8 demon blade "Leech" {evervamp, Harm ^Drain
                  | rN+}
 39448 | Vaults:4 | Noticed Zenata
 39451 | Vaults:4 | Killed Zenata
 39597 | Vaults:4 | Found Nycaeff's Weapon Emporium.
 40236 | Crypt:1  | Entered Level 1 of the Crypt
 40243 | Crypt:1  | Noticed a dread lich
 40249 | Crypt:1  | Found a transporter.
 40283 | Crypt:1  | Found a transporter.
 40618 | Crypt:1  | Noticed Sojobo
 40643 | Crypt:1  | Killed Sojobo
 41316 | Crypt:2  | Identified the +6 chain mail of Hadjma {^Contam rF+++
                  | Int+6}
 41323 | Crypt:2  | Found a transporter.
 41376 | Crypt:2  | Noticed a dread lich
 41388 | Crypt:2  | Killed a dread lich
 41448 | Crypt:2  | Reached XP level 24. HP: 179/179 MP: 33/33
 41486 | Crypt:2  | Noticed Roocroe's ghost (veteran MiGl)
 41506 | Crypt:2  | Found a transporter.
 41943 | Crypt:2  | Killed Roocroe's ghost
 42095 | Crypt:2  | Identified the +4 cloak of Charity {rC+ Str+5}
 42157 | Crypt:3  | Entered Level 3 of the Crypt
 42647 | Crypt:3  | Found a basalt altar of Yredelemnul.
 42647 | Crypt:3  | Noticed a dread lich
 42651 | Crypt:3  | Killed a dread lich
 42808 | Crypt:3  | Found a staircase to the Tomb.
 42820 | Crypt:3  | Identified the staff "Xijygeps" {rF+ rCorr Str+4 Fire}
 42930 | Crypt:3  | Reached skill level 1 in Shapeshifting
 43396 | Crypt:1  | Killed a dread lich
 43826 | Elf:1    | Entered Level 1 of the Elven Halls
 43914 | Elf:1    | Found a magical portal.
 43917 | WizLab   | Entered Eringya's Formal Garden
 44035 | WizLab   | Reached XP level 25. HP: 163/185 MP: 33/33
 44080 | WizLab   | Found a blossoming altar of Fedhas.
 44099 | WizLab   | Identified the +12 quarterstaff of Honour {spect, rC+
                  | Dex+3}
 44751 | Elf:1    | Identified the +1 quarterstaff "Iweet" {spect, rF+ MP+9
                  | Dex+4}
 44957 | Elf:1    | Reached skill level 5 in Shapeshifting
 45528 | Elf:2    | Found a crumbling gateway.
 45546 | Desolati | Entered the Desolation of Salt
 45584 | Desolati | Reached skill level 15 in Armour
 45602 | Desolati | Identified the +6 great sword "Gaheoz" {venom, Str+4}
 45638 | Desolati | Identified the +9 morningstar of Jeramolu {freeze, Dex+4}
 45819 | Desolati | Got the Spellbook of the Alluring Iceberg
 45822 | Desolati | Identified the ring "Dilohu" {Wiz rN+ Int+3}
 45831 | Desolati | Got Gipuawk's Vellum of the Scribe
 45841 | Desolati | Got the Papyrus of Mutable Despicable Arts
 45938 | Desolati | Identified the ring of the Townfolk {^Contam rF+ rC++
                  | Int+5}
 45968 | Desolati | Got the Essays on Unified Clay
 45969 | Desolati | Identified the amulet "Paodu" {Spirit Str+3}
 46207 | Elf:2    | Learned a level 1 spell: Apportation
 46210 | Elf:2    | Learned a level 2 spell: Lesser Beckoning
 46214 | Elf:2    | Learned a level 3 spell: Fugue of the Fallen
 46219 | Elf:2    | Learned a level 4 spell: Dimensional Bullseye
 46223 | Elf:2    | Learned a level 3 spell: Confusing Touch
 46227 | Elf:2    | Learned a level 3 spell: Dazzling Flash
 46244 | Elf:2    | Found a runed translucent door.
 46244 | Elf:2    | Noticed Obeum's ghost (adept TrGl)
 46269 | Elf:2    | Killed Obeum's ghost
 46656 | Elf:2    | Found a runed translucent gate.
 46656 | Elf:2    | Found a runed translucent gate.
 46656 | Elf:2    | Found a runed translucent gate.
 46735 | Elf:3    | Entered Level 3 of the Elven Halls
 46750 | Elf:3    | Reached XP level 26. HP: 164/195 MP: 33/33
 46947 | Elf:3    | Identified the +6 quarterstaff of Unreason {freeze, rPois
                  | Str+3}
 47010 | Elf:3    | Identified the staff "Jouthamarr" {rC+ Int+4 Necro Ice}
 47147 | Elf:3    | Identified the +6 hand axe of the Absolute Madman {drain,
                  | Int+3 SInv}
 47150 | Elf:3    | Identified the ring of Ypuot {MP+9 Int-2 Dex+2 SInv}
 47227 | Elf:3    | Noticed Bai Suzhen
 47237 | Elf:3    | Killed Bai Suzhen
 47304 | Elf:3    | Found Aluen's Jewellery Emporium.
 47386 | Elf:3    | Identified the +2 lajatang "Suq Voez" {venom, rN+}
 47500 | Elf:3    | Found Ninurta's Dragon-Slaying Spoils.
 47508 | Elf:3    | Bought +0 pearl dragon scales for 1800 gold pieces
 47547 | Elf:3    | Bought the ring "Elimufali" {^Drain Fly Will+ Slay+4} for
                  | 1219 gold pieces
 47829 | Slime:1  | Entered Level 1 of the Pits of Slime
 47860 | Slime:1  | Gained mutation: You are clumsy. (Dex -2) [a shining eye]
 47974 | Slime:5  | Entered Level 5 of the Pits of Slime
 48065 | Slime:5  | HP: 5/195 [acid (7)]
 48308 | Slime:5  | Noticed the Royal Jelly
 48317 | Slime:5  | Killed the Royal Jelly
 48402 | Slime:5  | Identified the +5 chain mail of the Centaur {rPois}
 48409 | Slime:5  | Got a starry gem with 94 turns to spare
 48411 | Slime:5  | Got a slimy rune of Zot
 48414 | Slime:5  | Identified the ring "Sama" {Fly Str+4 Int+6}
 49273 | Depths:4 | Entered Level 4 of the Depths
 49350 | Depths:4 | Noticed Boris
 49362 | Depths:4 | Killed Boris
 49541 | Depths:4 | Found a runed translucent gate.
 49565 | Depths:4 | Found a runed translucent gate.
 49565 | Depths:4 | Found a runed translucent gate.
 49596 | Depths:4 | Found an opulent altar of Gozag.
 49596 | Depths:4 | Found Biunes's Assorted Antiques.
 49596 | Depths:4 | Noticed a juggernaut
 49598 | Depths:4 | Found Deadel's Assorted Antiques.
 49599 | Depths:4 | Noticed WeeknightWizard's ghost (veteran DEFE)
 49599 | Depths:4 | Noticed a juggernaut
 49658 | Depths:4 | Reached skill level 10 in Shapeshifting
 49665 | Depths:4 | Found a gate to the Realm of Zot.
 49872 | Depths:4 | Reached XP level 27. HP: 195/196 MP: 33/33
 50124 | Depths:4 | Found a blossoming altar of Fedhas.
 50347 | Depths:4 | Voluntarily entered the Abyss.
 50348 | Abyss:1  | Found a large runed translucent door.
 50348 | Abyss:1  | Found a large runed translucent door.
 50464 | Abyss:1  | Found a corrupted altar of Lugonu.
 50820 | Abyss:3  | Found a corrupted altar of Lugonu.
 50846 | Abyss:3  | Found a corrupted altar of Lugonu.
 50921 | Abyss:3  | Got an abyssal rune of Zot
 50939 | Depths:4 | Escaped the Abyss
 51366 | Vaults:5 | Entered Level 5 of the Vaults
 51655 | Hell     | Entered the Vestibule of Hell
 51655 | Hell     | Noticed Geryon
 51662 | Hell     | Killed Geryon
 51842 | Hell     | Found a gateway to the ashen valley of Gehenna.
 51952 | Hell     | Found a gateway to the decaying netherworld of Tartarus.
 52020 | Hell     | Found a gateway to the freezing wastes of Cocytus.
 52081 | Hell     | Found a gateway to the Iron City of Dis.
 52115 | Hell     | Noticed Murray
 52132 | Hell     | Killed Murray
 52635 | Depths:1 | Killed a juggernaut
 52640 | Depths:1 | Killed the Enchantress
 52971 | Depths:4 | Killed a juggernaut
 52984 | Depths:4 | Killed WeeknightWizard's ghost
 53005 | Depths:4 | Killed a juggernaut
 53403 | Vaults:5 | Noticed Boris
 53417 | Vaults:5 | Killed Boris
 53502 | Vaults:5 | Identified the ring "Wimaemos" {rN+ rCorr}
 53510 | Vaults:5 | Noticed an ancient lich
 53520 | Vaults:5 | Killed an ancient lich
 53543 | Vaults:5 | Noticed an ancient lich
 53556 | Vaults:5 | Killed an ancient lich
 53582 | Vaults:5 | Identified the amulet "Butumied" {RegenMP Stlth+}
 53680 | Vaults:5 | Reached skill level 15 in Dodging
 53685 | Vaults:5 | Identified the +0 robe "Yhotha" {^Drain rElec rPois Stlth+}
 53697 | Vaults:5 | Got a silver rune of Zot
 53701 | Vaults:5 | Identified the +3 buckler of the Orb Guardian {Int+3}
 53797 | Vaults:5 | Identified the +1 hat of Nadex {-Tele rF+ Dex+6 Slay+3}
 53867 | Vaults:5 | Identified the ring of the Present {Int-5 Dex+2 SInv
                  | Stlth+}
 53994 | Vaults:5 | Identified the staff of Arrival {^Fragile MP-9 Int+6 Conj
                  | Air}
 54092 | Vaults:5 | Identified the +3 rapier "Mymikkih" {flame, Dex+2}
 54178 | Vaults:5 | Got Gamekhl Moser's Teachings on Numb Esoterica
 54292 | Vaults:5 | Identified the +2 plate armour of Muocsetoas {Dex+3}
 54914 | Dis:1    | Entered Level 1 of the Iron City of Dis
 54943 | Hell     | Reached skill level 15 in Shapeshifting
 55988 | Dis:2    | Killed from afar by a Hell Sentinel

Illustrated notes

Levels and vault maps discovered:
D:1:      arrival_aquarium_a, layout_loops_cross
D:2:      layout_basic, basic_altar
D:3:      layout_loops_corners, serial_glass, glass_columns_a, glass_columns_c,
          glass_columns_a, glass_columns_c, due_unseen_surprise,
          grunt_decor_clamped, st_stairs_7, minmay_quantized, uniq_grinder
D:4:      layout_loops_ring, mainiacjoe_overflow_24_doors,
          nemelex_dance_club_becter
D:5:      layout_cave_pods, gammafunk_ghost_smash, cheibrodos_sewer_entry_drain,
          serial_shops, shop
D:6:      lemuel_insect_pit, layout_loops_ring, mainiacjoe_overflow_alcove_4,
          gammafunk_temple_overflow_wave, nicolae_ossuary_entry_false_entrances,
          kennysheep_crisscross
D:7:      layout_loops_ring, lemuel_round_altar, minmay_temple_entry_fiery,
          nrook_uturn, nicolae_phantomly_mirrored, uniq_maurice
D:8:      layout_rooms, slow_altar_1, overflow_temple_1_default,
          ashenzari_altar_1, nicolae_overflow_crystal_walls, trog_hazing_becter,
          serial_co_window_serial, co_window_paths_b,
          co_window_of_opportunity_a, co_window_paths_a, co_window_corner_a,
          co_window_corner_a, co_window_corner_ca, co_window_cross_3,
          co_window_corner_b, co_window_corner_cb, co_window_broadway_a,
          co_window_paths_c
D:9:      layout_gridville, nicolae_dithmenos_shadow_blocks,
          mainiacjoe_overflow_boulevard, orc_0_dummy, uniq_maggie
D:10:     layout_loops_ring, dk_yredelemnul_ordeal, marbit_many_paths,
          grunt_lair_entry_orc_guard_hut, kennysheep_generic_room_4,
          uniq_nergalle
D:11:     layout_roguey, uniq_harold
D:12:     layout_basic
D:13:     layout_basic, hellmonk_vaults_order_and_chaos, uniq_nessos,
          uniq_lodul, uniq_erolcha
D:14:     layout_long_grid, minivault_19
D:15:     grunt_enter_depths_snipers, layout_stronghold,
          nicolae_trove_entry_free_sample,
          nicolae_uskayaw_murder_on_the_dancefloor
Lair:1:   layout_long_grid, grunt_megastairs_5, infiniplex_staircase_pool,
          uniq_amaemon
Lair:2:   layout_hall_layers, guppyfry_snake_entry_garden
Lair:3:   layout_regular_city, shoals_dummy_entry, uniq_rupert
Lair:4:   layout_loops_ring, dpeg_slime_entry_enclosed,
          nicolae_lair_time_for_slime
Lair:5:   wormcave, layout_cave_pods, hangedman_lair_tendril_chambers,
          serial_bayou, serial_bayou_crossing, serial_bayou_shore_b,
          serial_bayou_pond_e, serial_bayou_lake_a, nicolae_lair_lindhole
Shoals:1: layout_shoals
Shoals:2: layout_shoals, serial_shops, nicolae_shop_gaudy_bauble
Shoals:3: layout_shoals, serial_shops, bzr_entry_gold
Shoals:4: shoals_end_hangedman, layout_shoals,
          nicolae_shoals_lost_giant_amphitheater, uniq_mara
Snake:1:  layout_misc_corridors, basic_altar,
          nicolae_snake_the_dead_are_slithering
Snake:2:  layout_misc_corridors, drop_trap, nicolae_coiled_stairwell_up,
          lemuel_fruit_tree, uniq_saint_roka, uniq_donald, uniq_vashnia,
          uniq_aizul
Snake:3:  layout_onion, minmay_shop_star, grunt_megastairs_4,
          serial_bayou_shore_a
Snake:4:  snake_pit_salamanders_mu, layout_chambers, minmay_shoptagon
Slime:1:  layout_caves, nicolae_slime_phagocytosis
Slime:2:  layout_caves
Slime:3:  layout_caves
Slime:4:  layout_caves
Slime:5:  slime_pit_nicolae_royal_road_to_ruin
Orc:1:    layout_caves, basic_altar, einodemon_barbed_minivault, uniq_sonja
Orc:2:    st_orc_elflike, layout_caves, uniq_jorgrun
Elf:1:    layout_gridlike, mu_enter_wizlab_7, hangedman_elf_disciples,
          nicolae_elf_deep_mausoleum
Elf:2:    nicolae_elf_blades_splatter_lattice
          [nicolae_blade_entry_hurt_lockers], layout_geoelf_octagon,
          portal_desolation_entry_twin_temple, serial_sigils,
          serial_sigils_hangedman_shear, serial_sigils_hangedman_scratch,
          hellmonk_ghost_big_iron, uniq_asterion
Elf:3:    grunt_elf_hall_branching, layout_rooms, serial_shops,
          nicolae_shop_waterfront, nicolae_shop_dragon_depot, uniq_bai_suzhen
Vaults:1: nicolae_vaults_storage_closets_1, nicolae_vaults_cochlea,
          vaults_room_door_ring, hangedman_vaults_nails,
          nicolae_vaults_trapezoid_layered, nicolae_vaults_tangram_1,
          vaults_dpeg_diagonal, nicolae_vaults_double_plus_1,
          layout_vaults_big_room
Vaults:2: nicolae_vaults_loss_of_containment, v_misc_31, hangedman_vaults_locks,
          v_misc_17, minmay_crypt_entry_skeletal_spiral, v_alt_pattern_3,
          nicolae_vaults_bisected_slash, grunt_vaults_focal,
          nicolae_vaults_network_square, vaults_dpeg_ring,
          vaults_room_grunt_arrival_checkpoint, nicolae_vaults_little_ls,
          vaults_room_hallway, nicolae_vaults_shelves_hall,
          layout_vaults_omnibox
Vaults:3: gammafunk_ghost_cemetery, nicolae_vaults_network_barrier,
          nicolae_vaults_cornered_office, nicolae_vaults_surprise_closet_hard,
          nicolae_vaults_closet_pinwheel_6, nicolae_vaults_network_quinsquares
          [nicolae_vaults_network_quincunx_subvault,
          nicolae_vaults_network_quincunx_subvault,
          nicolae_vaults_network_quincunx_subvault,
          nicolae_vaults_network_quincunx_subvault],
          nicolae_vaults_little_squares_5, ontoclasm_vaults_fault, v_misc_30,
          v_misc_10, vaults_room_grid, vaults_room_door_ring,
          nicolae_vaults_two_Ls, v_misc_15, layout_vaults_omnicross,
          serial_shops, shop, uniq_jory, uniq_boris
Vaults:4: nicolae_vaults_tetromino_L_2, vaults_room_grid, v_alt_pattern_6,
          nicolae_vaults_swerve, nicolae_vaults_specimen_jars,
          vaults_standard_mumra_enter_the_diamond,
          nicolae_vaults_diagonal_hallway_7, nicolae_vaults_big_ls,
          nicolae_vaults_taking_the_gang_shopping, nicolae_vaults_stand_back,
          nicolae_vaults_asterisk, layout_vaults_ring, uniq_zenata, uniq_margery
Vaults:5: serial_shops
Crypt:1:  gammafunk_sealed_arena, layout_rooms, roderic_lattice_octagonal_star,
          uniq_sojobo
Crypt:2:  layout_regular_city, gammafunk_ghost_abyssal_escape
Crypt:3:  cryptofortress_bobbens
Depths:1: layout_big_octagon, grunt_pan_entry_spiral, serial_shops,
          nicolae_shop_statue_plus, grunt_hell_entry_dis_old, nicolae_wwwww,
          grunt_ministairs_2, lightli_gold_pyramid, uniq_enchantress
Depths:2: hangedman_box_tower, layout_cave_shapes, enter_ziggurat_e,
          abyss_entry, serial_shops, kennysheep_mini,
          nicolae_shop_window_shopping, shop, nicolae_shop_just_a_little_nook,
          kennysheep_little_box, hell_entry, rand_demon_pan_entry_4, uniq_vv
Depths:3: nooodl_glass_maze, layout_cave_shapes,
          nicolae_abyss_entry_one_way_or_another, pf_coc_iceberg,
          minmay_strange_pillars, elyvilon_altar_1, uniq_josephina
Depths:4: evilmike_zot_entry_argh, layout_gridville, hangedman_geh_valley,
          minmay_room_of_horrors, nicolae_concentric_dashed_squares_wild,
          ebering_ghost_gozag, fedhas_altar_1
Hell
Dis:1:    layout_gridville
Dis:2:    lightli_tower_of_babel

Skill      XL: |  1  2  3  4  5  6  7  8  9 10 11 12 13 14 15 16 17 18 19 20 21 22 23 24 25 26 27 |
---------------+----------------------------------------------------------------------------------+-----
Staves         | 3 4 5 6 8 9 10 11 12 13 14 | 14.0
Fighting       | 4 5 6 8 9 10 11 12 13 14 15 16 17 18 19 20 21 | 21.9
Invocations    | 2 3 4 6 7 9 10 11 12 13 14 | 14.0
Short Blades   | 5 10 12 14 | 14.0
Stealth        | 3 6 9 10 11 12 13 14 15 16 17 18 19 20 | 20.0
Shields        | 7 11 13 15 16 17 18 20 22 23 | 23.1
Dodging        | 1 4 5 7 8 9 10 11 12 13 15 | 15.7
Throwing       | 2 6 8 10 11 13 14 16 17 18 19 20 | 20.0
Armour         | 4 6 8 9 10 11 12 13 14 15 16 18 | 18.4
Shapeshifting  | 3 7 10 15 | 15.3

Action                     |  1- 3 |  4- 6 |  7- 9 | 10-12 | 13-15 | 16-18 | 19-21 | 22-24 | 25-27 || total
---------------------------+-------+-------+-------+-------+-------+-------+-------+-------+-------++-------
  Melee: Quarterstaff      |    66 |    67 |   287 |    95 |       |       |       |       |       ||   515
         Pair of quick bla |       |       |       |   772 |  2660 |  3059 |  3110 |  3721 |  4755 || 18077
         Lajatang          |       |       |       |       |       |       |    21 |   121 |   432 ||   574
         Maw               |       |       |       |       |       |       |       |       |    34 ||    34
  Throw: Boomerang         |       |       |       |     1 |       |       |       |     3 |    12 ||    16
         Throwing net      |       |       |       |       |     8 |       |     3 |       |     1 ||    12
         Dart              |       |       |       |       |       |     4 |       |       |     4 ||     8
         Javelin           |       |       |       |       |       |       |     1 |     1 |     9 ||    11
 Invoke: Ancestor Identity |     1 |       |       |       |       |       |       |       |       ||     1
         Ancestor Life: He |       |       |     1 |       |       |       |       |       |       ||     1
         Recall Ancestor   |       |       |     1 |     1 |     2 |     2 |     3 |     3 |    10 ||    22
         Idealise          |       |       |       |       |       |     5 |     2 |     5 |    13 ||    25
         Transference      |       |       |       |       |       |       |     2 |     4 |     2 ||     8
Ability: Dig               |       |     1 |       |       |     1 |     1 |     2 |     4 |     6 ||    15
  Evoke: Wand              |       |       |       |       |     4 |     3 |       |       |       ||     7
    Use: Scroll            |       |     8 |       |     9 |     5 |     6 |     8 |     2 |    11 ||    49
         Potion            |       |       |       |       |       |     8 |     4 |     1 |     9 ||    22
   Stab: Distracted        |       |       |     6 |     6 |    14 |    12 |    26 |    29 |    42 ||   135
         Confused          |       |       |     2 |    15 |    26 |    23 |   107 |   120 |   167 ||   460
         Sleeping          |       |       |       |     7 |     5 |     5 |     6 |    22 |    12 ||    57
         Held in net/web   |       |       |       |       |     3 |       |     6 |       |     1 ||    10
         Paralysed         |       |       |       |       |    13 |    43 |    33 |    49 |    47 ||   185
         Invisible         |       |       |       |       |       |       |     4 |     9 |     8 ||    21
 Armour: Scale mail        |    24 |       |       |       |       |       |       |       |       ||    24
         Chain mail        |    22 |    40 |   120 |       |    45 |   300 |   209 |   163 |    65 ||   964
         Leather armour    |       |       |    59 |   182 |   296 |       |       |       |       ||   537
         Pearl dragon scal |       |       |       |       |       |       |       |       |   286 ||   286
         Skin              |       |       |       |       |       |       |       |       |     6 ||     6
  Dodge: Dodged            |    32 |    28 |    95 |   111 |   237 |   350 |   195 |   171 |   247 ||  1466
  Block: Buckler           |    20 |    21 |    68 |    54 |     5 |       |       |       |       ||   168
         Kite shield       |       |       |       |       |   318 |   471 |       |       |       ||   789
         Reflection        |       |       |       |       |       |    43 |       |    38 |    83 ||   164
         Tower shield      |       |       |       |       |       |   217 |   705 |   984 |  1349 ||  3255
         Form:             |       |       |       |       |       |       |       |       |     1 ||     1
         Maw               |       |       |       |       |       |       |       |       |     1 ||     1
